 Dungeon Crawl Stone Soup version 0.22-a0-456-g11ed031 (webtiles) character file.

297 n0claF the Ducker (level 6, 0/47 HPs)
             Began as a Demonspawn Gladiator on June 6, 2018.
             Slain by Crazy Yiuf
             ... wielding a +4 quarterstaff of chaos
              (16 damage)
             ... on level 2 of the Dungeon.
             The game lasted 00:08:51 (2041 turns).

n0claF the Ducker (Demonspawn Gladiator)            Turns: 2041, Time: 00:08:52

Health: 0/47       AC:  5    Str: 16    XL:     6   Next: 12%
Magic:  6/6        EV: 13    Int: 10    God:
Gold:   27         SH:  0    Dex: 14    Spells: 5/5 levels left

rFire    . . .     SeeInvis .   n - +0 scythe
rCold    . . .     Gourm    .   (shield currently unavailable)
rNeg     . . .     Faith    .   b - +0 leather armour
rPois    .         Spirit   .   (helmet restricted)
rElec    .         Reflect  .   (no cloak)
rCorr    .         Harm     .   (no gloves)
MR       .....                  (no boots)
Stlth    +.........             (no amulet)
HPRegen  0.15/turn              (no ring)
MPRegen  0.10/turn              (no ring)

@: no status effects
A: antennae 1, slimy green scales 1, powered by death 2
a: no special abilities


You were on level 2 of the Dungeon.
You were not hungry.

You visited 1 branch of the dungeon, and saw 2 of its levels.

You collected 27 gold pieces.

Inventory:

Hand Weapons
 n - a +0 scythe (weapon)
Missiles
 d - 3 throwing nets (quivered)
Armour
 b - a +0 leather armour (worn)
 c - a +0 helmet
Scrolls
 a - a scroll of amnesia {unknown}
 e - 3 scrolls of remove curse {unknown}
 j - 2 scrolls of immolation {unknown}
 l - 2 scrolls of identify {unknown}
 m - a scroll of enchant armour {unknown}
Potions
 g - a potion of haste {unknown}
 h - a potion of flight {unknown}
 i - a potion of resistance {unknown}
 k - 2 potions of curing
Comestibles
 f - a ration
 o - a chunk of flesh


   Skills:
 + Level 3.6 Fighting
   Level 1.6(1.7) Axes
 + Level 0.4(2.3) Polearms
   Level 3.2 Staves
 - Level 1.7 Throwing
 + Level 2.5 Armour
 + Level 3.9 Dodging


You had 5 spell levels left.
You didn't know any spells.
Your spell library was empty.

Dungeon Overview and Level Annotations

Branches:
Dungeon (2/15)

Altars:

Annotations:
D:2 Crazy Yiuf


Innate Abilities, Weirdness & Mutations

You have a pair of small antennae on your head.
You are partially covered in slimy green scales. (AC +2)
You regenerate health from kills.


Message History

You open the door.
Crazy Yiuf the Enlightened comes into view.
He is wielding a quarterstaff of chaos.
Crazy Yiuf shouts!
Found a mace.
There is an open door here.
You closely miss Crazy Yiuf.
Crazy Yiuf drinks a potion.
Crazy Yiuf seems to grow stronger.
Crazy Yiuf hits you with a quarterstaff of chaos!
Crazy Yiuf freezes you.
You closely miss Crazy Yiuf.
Crazy Yiuf hits you with a quarterstaff of chaos!
Crazy Yiuf burns you.
You are too injured to fight recklessly!
You are too injured to fight recklessly!
You are too injured to fight recklessly!
You slash Crazy Yiuf!
Crazy Yiuf is moderately wounded.
Crazy Yiuf says, "Crazy?
Crazy!?
PORCUPINE!"
Crazy Yiuf hits you with a quarterstaff of chaos!
You die...

#....# ##..## #....# ♣...♣ #
###†.# ♣...♣ . #..# ♣♣.♣♣ #
######.# ♣.♣♣ # #......#
♣♣.♣ ###### # #.###### ♣.♣♣
#....# ### #.###### ♣♣.♣
####.# ..###......# #@#
####.####### #......#####
#.g.# #......#<... #.###..#
#...# #.#..#.#.### #.# #..#
#..)# #...>#.#.### ..####.#
##### #.#......... ...#
#.##### #.####.#.### .#.#
#.....# ##.####.#.### ...#
###...##########.......#....
...#
#...#.................####


You could see Crazy Yiuf.

Vanquished Creatures
  Sigmund (D:2)
  Jessica (D:2)
  4 adders (D:2)
  An ooze (D:2)
  5 dart slugs (D:1)
  2 leopard geckos (D:2)
  7 bats (D:2)
  5 giant cockroaches
  8 goblins
  7 hobgoblins
  7 jackals
  5 kobolds
  5 frilled lizards
  4 rats
  A plant (D:1)
63 creatures vanquished.

Notes
Turn   | Place    | Note
-------+----------+-------------------------------------------
     0 | D:1      | n0claF the Demonspawn Gladiator began the quest for the Orb.
     0 | D:1      | Reached XP level 1. HP: 16/16 MP: 1/1
    79 | D:1      | Gained mutation: You regenerate a little health from kills. [demonic ancestry]
    79 | D:1      | Reached XP level 2. HP: 18/22 MP: 2/2
   395 | D:1      | Reached skill level 1 in Armour
   397 | D:1      | Gained mutation: You have a pair of small antennae on your head. [demonic ancestry]
   397 | D:1      | Reached XP level 3. HP: 28/28 MP: 3/3
  1071 | D:2      | HP: 1/28 [adder (3)]
  1300 | D:2      | Gained mutation: You are partially covered in slimy green scales. (AC +2) [demonic ancestry]
  1300 | D:2      | Reached XP level 4. HP: 31/34 MP: 4/4
  1716 | D:2      | Noticed Sigmund
  1743 | D:2      | Killed Sigmund
  1743 | D:2      | Reached skill level 1 in Axes
  1743 | D:2      | Reached XP level 5. HP: 26/41 MP: 5/5
  1775 | D:2      | Noticed Jessica
  1788 | D:2      | Killed Jessica
  1788 | D:2      | Gained mutation: You regenerate health from kills. [demonic ancestry]
  1788 | D:2      | Reached XP level 6. HP: 37/47 MP: 6/6
  2033 | D:2      | Found a runed door.
  2037 | D:2      | Noticed Crazy Yiuf
  2041 | D:2      | Slain by Crazy Yiuf

Vault maps used:
D:1:      roderic_crop_circles_arrival_large
D:2:      uniq_sigmund, uniq_jessica, uniq_crazy_yiuf_cottage

Skill      XL: |  1  2  3  4 |
---------------+-------------+-----
Dodging        | 3 |  3.9
Staves         | 3 |  3.2
Armour         | 1 2 |  2.5
Fighting       | 3 |  3.6
Axes           | 1 |  1.6
Polearms       | |  0.4
Throwing       | |  1.7

Action                   |  1- 3 |  4- 6 || total
-------------------------+-------+-------++-------
Melee: Quarterstaff      |   144 |       ||   144
       War axe           |       |    49 ||    49
       Scythe            |       |    63 ||    63
  Use: Potion            |     1 |       ||     1
 Stab: Sleeping          |     1 |     2 ||     3
  Eat: Chunk             |       |     4 ||     4
Armor: Leather armour    |    23 |    53 ||    76
Dodge: Dodged            |    66 |   144 ||   210

Table legend:
 A = Spawn XP
 B = Non-spawn XP
 C = Spawn XP percentage of total XP
 D = Spawn monster count
 E = Non-spawn monster count
 F = Spawn count percentage of total count
 G = Total turns spent on level
                    A         B        C        D         E        F      G
               +---------+---------+-------+---------+---------+-------+---------
         Total |       0 |     425 |   0.0 |       0 |      62 |   0.0 |  2041
               +---------+---------+-------+---------+---------+-------+---------
           D:1 |       0 |      67 |   0.0 |       0 |      31 |   0.0 |   838
           D:2 |       0 |     358 |   0.0 |       0 |      31 |   0.0 |  1203
               +---------+---------+-------+---------+---------+-------+---------
